 Dungeon Crawl Stone Soup version 0.18.1-1-g2f07953 (webtiles) character file.

64 dysrexia the Magician (level 4, 0/36 HPs)
             Began as a Naga Wizard on May 7, 2016.
             Slain by a goblin
             ... wielding a cursed -1 club
             ... led by Robin
              (3 damage)
             ... on level 2 of the Dungeon.
             The game lasted 00:10:09 (2500 turns).

dysrexia the Magician (Naga Wizard)                 Turns: 2500, Time: 00:10:11

Health: 0/36       AC:  3    Str: 10    XL:     4   Next: 12%
Magic:  1/9        EV:  9    Int: 18    God:
Gold:   133        SH:  0    Dex: 10    Spells: 3 memorised, 3 levels left

rFire  . . .     SeeInvis +     n - +0 mace
rCold  . . .     Gourm    .     a - +0 robe
rNeg   . . .     Faith    .     (no shield)
rPois  +         Spirit   .     q - +0 helmet (curse)
rElec  .         Dismiss  .     (no cloak)
rCorr  .         Reflect  .     (no gloves)
SustAt .         Harm     .     (no barding)
MR     .....                    (no amulet)
Stlth  ++........               (no ring)
                                (no ring)

@: very slightly contaminated, very slow, not resistant to hostile enchantments,
unstealthy
A: see invisible, deformed body, poison resistance, slowness 2, slow metabolism
1, spit poison 2, AC +1
a: Spit Poison


You were on level 2 of the Dungeon.
You were hungry.

You visited 1 branch of the dungeon, and saw 2 of its levels.

You collected 133 gold pieces.

Inventory:

Hand Weapons
 n - a +0 mace (weapon)
Missiles
 o - 37 arrows
Armour
 a - a +0 robe (worn)
 b - a +0 hat
 e - a +0 ring mail
 q - a cursed +0 helmet (worn)
Jewellery
 r - an uncursed amulet of magic regeneration {unknown}
Scrolls
 f - 2 scrolls of teleportation
 g - 6 scrolls of identify
 i - 2 scrolls of immolation {unknown}
 j - a scroll of enchant weapon {unknown}
 m - a scroll of magic mapping {unknown}
 t - a scroll of recharging {unknown}
 u - a scroll of remove curse {unknown}
Potions
 l - a potion of haste {unknown}
 p - a potion of curing {unknown}
 s - 2 potions of cure mutation {unknown}
Books
 c - a book of Minor Magic

   Spells                             Type                      Level
   a - Magic Dart                     Conjuration                  1
   b - Blink                          Translocation                2
   c - Call Imp                       Summoning                    2
   d - Repel Missiles                 Charms/Air                   2
   e - Slow                           Hexes                        2
   f - Conjure Flame                  Conjuration/Fire             3
   g - Mephitic Cloud                 Conjuration/Poison/Air       3
Comestibles
 d - 2 bread rations
 h - 3 meat rations


   Skills:
 - Level 1.5 Dodging
 - Level 3.0 Stealth
 + Level 3.4 Spellcasting
 * Level 2.9 Conjurations
   Level 1.0 Summonings
 - Level 1.0 Translocations
 * Level 1.8 Poison Magic


You had 3 spell levels left.
You knew the following spells:

 Your Spells              Type           Power        Failure   Level  Hunger
a - Magic Dart            Conj           ##..         6%          1    None
b - Blink                 Tloc           N/A          17%         2    ##.....
c - Mephitic Cloud        Conj/Pois/Air  #.......     30%         3    ###....


Dungeon Overview and Level Annotations

Branches:
Dungeon (2/15)

Altars:

Annotations:
D:2 Robin


Innate Abilities, Weirdness & Mutations

You cannot wear boots.
Your serpentine skin is tough (AC +1).
You have supernaturally acute eyesight.
Armour fits poorly on your strangely shaped body.
Your system is resistant to poisons.
You cover ground very slowly.
You have a slow metabolism.
You can spit poison.


Message History

* * * LOW HITPOINT WARNING * * *
You are feeling hungry.
The goblin completely misses you.
You sock the goblin!
You kill the goblin!
Robin closely misses you. Robin barely misses you.
You see here a dagger.
Robin says, "Feeling lonely?"
Robin throws the goblin at you! The goblin hits you but does no damage.
Robin throws the goblin at you!
You closely miss the goblin. The goblin barely misses you.
You hit the goblin.
The goblin is moderately wounded.
The goblin barely misses you. Robin hits you with a short sword.
* * * LOW HITPOINT WARNING * * *
Robin hits you with a short sword.
* * * LOW HITPOINT WARNING * * *
The goblin hits you with a club.
You die...

### #.# #####.####
#......g.# #.######@# #.#
#g##### #.# #.)...#
######## #.# #.###.#
#.......
#.##########.#####.######
####.##>............#.#
#....##.###.###g.#..#.#
######.#####.#
#.........#.#
#..)......J#.#
##......#.#.#


You could see Robin and a goblin.

Vanquished Creatures
  An adder (D:2)
  2 oozes (D:1)
  2 dart slugs (D:1)
  2 giant geckos (D:1)
  A ball python (D:2)
  4 bats
  A giant cockroach (D:1)
  10 goblins
  A hobgoblin (D:2)
  3 jackals (D:1)
  4 kobolds
  3 giant newts
  5 rats
39 creatures vanquished.

Notes
Turn   | Place    | Note
--------------------------------------------------------------
     0 | D:1      | dysrexia the Naga Wizard began the quest for the Orb.
     0 | D:1      | Reached XP level 1. HP: 15/15 MP: 4/4
   344 | D:1      | Reached XP level 2. HP: 5/22 MP: 0/6
  1199 | D:1      | Learned a level 2 spell: Blink
  1369 | D:1      | Reached XP level 3. HP: 28/28 MP: 0/7
  1374 | D:1      | Learned a level 3 spell: Mephitic Cloud
  1913 | D:2      | Reached skill level 1 in Poison Magic
  1937 | D:2      | Noticed Robin
  2295 | D:2      | Reached XP level 4. HP: 33/36 MP: 5/9
  2500 | D:2      | Slain by a goblin

Skill      XL: |  1  2  3 |
---------------+----------+-----
Conjurations   | 2 |  2.9
Poison Magic   | 1 |  1.8
Dodging        | |  1.5
Stealth        | |  3.0
Spellcasting   | |  3.4
Summonings     | |  1.0
Translocations | |  1.0

Action                   |  1- 3 |  4- 6 || total
-------------------------+-------+-------++-------
Melee: Unarmed           |     6 |       ||     6
       Mace              |    22 |     6 ||    28
 Cast: Magic Dart        |    68 |    10 ||    78
       Mephitic Cloud    |       |     1 ||     1
 Abil: Spit Poison       |     3 |       ||     3
  Use: Scroll            |     2 |       ||     2
  Eat: Chunk             |     3 |       ||     3
Armor: Robe              |    17 |    14 ||    31
Dodge: Dodged            |    36 |    14 ||    50
